 Dungeon Crawl Stone Soup version 0.30-a0-137-gd8773701ce (webtiles) character file.

Game seed: 13003981809452387531

45 Dreamer the Changer (level 3, 0/23 HPs)
             Began as an Octopode Transmuter on Sept 22, 2022.
             Slain by a quokka (2 damage)
             ... on level 2 of the Dungeon.
             The game lasted 00:03:39 (1738 turns).

Dreamer the Changer (Octopode Transmuter)           Turns: 1738, Time: 00:03:40

Health: 0/23       AC:  1    Str:  9    XL:     3   Next: 64%
Magic:  6/6        EV: 13    Int: 17    God:
Gold:   93         SH:  0    Dex: 12    Spells: 5/6 levels left

rFire   . . .      SeeInvis .    j - +2 dagger (vamp)
rCold   . . .      Faith    .    (no shield)
rNeg    . . .      Spirit   .    (helmet restricted)
rPois   .          Reflect  .    (no amulet)
rElec   .          Harm     .    f - ring of resist corrosion
rCorr   +          Rampage  .    (no ring)
Will    .....                    (no ring)
Stlth   ++........               (no ring)
HPRegen 0.07/turn                (no ring)
MPRegen 0.10/turn                (no ring)
                                 (no ring)
                                 (no ring)

@: no status effects
A: almost no armour, amphibious, 8 rings, camouflage 1, gelatinous body 1,
(nimble swimmer 1), tentacles
a: no special abilities


You were on level 2 of the Dungeon.
You visited 1 branch of the dungeon, and saw 2 of its levels.

You collected 93 gold pieces.

Inventory:

Hand Weapons
 j - a +2 vampiric dagger (weapon)
Jewellery
 f - a ring of resist corrosion (left tentacle)
Scrolls
 b - a scroll of immolation {unknown}
 c - a scroll of teleportation {unknown}
 e - a scroll of poison {unknown}
 g - a scroll of amnesia {unknown}
 h - 2 scrolls of identify {unknown}
 i - a scroll of torment {unknown}
Potions
 a - a potion of lignification
 d - a potion of curing {unknown}
 k - a potion of invisibility {unknown}


   Skills:
 - Level 1.0 Fighting
 - Level 2.0 Dodging
 - Level 3.0 Unarmed Combat
 - Level 2.0 Spellcasting
 * Level 3.4 Transmutations
 + Level 1.5 Ice Magic


You had 5 spell levels left.
You knew the following spells:

 Your Spells              Type           Power      Damage    Failure   Level
a - Beastly Appendage     Tmut           26%        N/A       4%          1

Your spell library contained the following spells:

 Spells                   Type           Power      Damage    Failure   Level
 Wereblood                Tmut           13%        N/A       8%          2
 Foxfire                  Conj/Fire      4%         2x1d4     19%         1
 Static Discharge         Conj/Air       2%         2-3/arc   28%         2
 Spider Form              Tmut/Pois      7%         N/A       28%         3
 Ice Form                 Ice/Tmut       10%        N/A       56%         4


Dungeon Overview and Level Annotations

Branches:
Dungeon (2/15)

Altars:

Shops:
D:1 !=[


Innate Abilities, Weirdness & Mutations

You cannot wear most types of armour.
You are amphibious.
You can wear up to eight rings at the same time.
Your skin changes colour to match your surroundings (Stealth+).
Your rubbery body absorbs attacks. (AC +1, EV +1)
((You are camouflaged when in or above water. (Stealth+)))
You have tentacles for arms and can constrict up to eight enemies at once.


Message History

You hit the goblin.
You feel better.
You grab the goblin.
The goblin is severely wounded.
You constrict the goblin.
You kill the goblin!
Things that are here:
a +0 club; a goblin corpse
Found a stone staircase leading up.
Found 15 gold pieces.
You now have 78 gold pieces (gained 4).
You now have 93 gold pieces (gained 15).
Found a whip.
A rat comes into view.
A rat is nearby!
The rat bites you.
You hit the rat.
You kill the rat!
A quokka comes into view.
A quokka is nearby!
Found a sedimented brown potion.
An adder comes into view.
You closely miss the quokka. Your grab misses the quokka.
The quokka barely misses you. The quokka bites you.
You closely miss the quokka. Your grab misses the quokka.
Your squeeze misses the quokka. The quokka bites you. x2
You hit the quokka but do no damage. Your grab misses the quokka.
Your squeeze misses the quokka. The quokka bites you.
You closely miss the quokka. Your grab misses the quokka.
Your squeeze misses the quokka. The quokka bites you.
* * * LOW HITPOINT WARNING * * *
You closely miss the quokka. Your grab misses the quokka.
Your squeeze misses the quokka. The quokka bites you.
* * * LOW HITPOINT WARNING * * *
You closely miss the quokka. Your grab misses the quokka.
The quokka closely misses you.
You hit the quokka.
You feel better.
Your grab misses the quokka. Your squeeze misses the quokka.
The quokka is heavily wounded.
The quokka closely misses you. The quokka bites you.
You die...

#.##
######..####
............#
#
##########..#
. #..# # ##
#..# .. #..##
#..# # #...#
#..#
#.#.#@#.#
#..####
#.....r.#
......#
#!......#
......#
#....$.....
......#
#......#.....
.......
#......#.....
.......
#......###.##
.......
#......# ...
#..####
#..S...# ##


You could see a quokka.

Vanquished Creatures
  2 worms (D:2)
  3 dart slugs
  3 endoplasms (D:1)
  A giant cockroach (D:1)
  2 goblins
  4 hobgoblins
  2 quokkas (D:1)
  3 ball pythons (D:1)
  3 bats (D:1)
  2 frilled lizards (D:1)
  5 kobolds
  2 rats
32 creatures vanquished.

Notes
Turn   | Place    | Note
-------+----------+-------------------------------------------
     0 | D:1      | Dreamer the Octopode Transmuter began the quest for the
                  | Orb.
     0 | D:1      | Reached XP level 1. HP: 13/13 MP: 3/3
    25 | D:1      | You fall into a shaft and drop 1 floor!
   245 | D:1      | Found Giatrela's Antique Armour Shoppe.
   425 | D:1      | Reached XP level 2. HP: 13/18 MP: 5/5
   433 | D:1      | Got the Almanac of Arcane Weapons
   596 | D:1      | Found Ohepnaun's Jewellery Emporium.
   616 | D:1      | Found Xinemekli's Distillery.
   714 | D:1      | Reached skill level 1 in Ice Magic
   958 | D:1      | Reached XP level 3. HP: 23/23 MP: 6/6
  1736 | D:2      | HP: 1/23 [quokka (2)]
  1738 | D:2      | Slain by a quokka

Illustrated notes

Levels and vault maps discovered:
D:1:      psy_arrival_basics, layout_loops_ring, serial_shops, shop, shop, shop
D:2:      layout_basic

Skill      XL: |  1  2 |
---------------+-------+-----
Ice Magic      | 1 |  1.5
Transmutations | 3 |  3.4
Fighting       | |  1.0
Dodging        | |  2.0
Unarmed Combat | |  3.0
Spellcasting   | |  2.0

Action                   || total
-------------------------++-------
Melee: Short sword       ||    37
       Constrict         ||    22
       Tentacles         ||    11
       Unarmed           ||     1
       Dagger            ||    44
       Punch             ||     1
 Stab: Sleeping          ||     5
Armor: Skin              ||     9
Dodge: Dodged            ||    44

Table legend: (Time is in decaauts)
 A = Elapsed time spent in this place.
 B = Non-inter-level travel time spent in this place.
 C = Inter-level travel time spent in this place.
 D = Time resting spent in this place.
 E = Time spent auto-exploring this place.
 F = Levels seen in this place.
 G = Mean time per level.
                   A        B        C        D        E       F      G
               +--------+--------+--------+--------+--------+-----+--------+
         Total |   1735 |   1685 |     50 |    191 |   1205 |   2 |  867.5 |
       Dungeon |   1735 |   1685 |     50 |    191 |   1205 |   2 |  867.5 |
               +--------+--------+--------+--------+--------+-----+--------+

Top non-repeatable levels by time:
     D:1: 1124 daAuts
     D:2: 610 daAuts
